 Dungeon Crawl Stone Soup version 0.26.0-3-g156281e41b (webtiles) character file.

Game seed: 11102352225059282642

77 Froggeryz the Skirmisher (level 4, -4/27 HPs)
             Began as a Gargoyle Wanderer on Jan 9, 2021.
             Killed by divine providence
             ... invoked by an orc priest
              (11 damage)
             ... on level 2 of the Dungeon.
             The game lasted 00:01:18 (1894 turns).

Froggeryz the Skirmisher (Gargoyle Wanderer)        Turns: 1894, Time: 00:01:19

Health: -4/27      AC:  5    Str: 13    XL:     4   Next: 34%
Magic:  5/5        EV: 11    Int: 15    God:
Gold:   44         SH:  0    Dex: 10    Spells: 5/5 levels left

rFire    . . .     SeeInvis .   e - +0 mace
rCold    . . .     Faith    .   (no shield)
rNeg     + . .     Spirit   .   l - +0 robe {Will+}
rPois    ∞         Reflect  .   (no helmet)
rElec    +         Harm     .   (no cloak)
rCorr    .         Rampage  .   (no gloves)
Will     +....                  (no boots)
Stlth    +.........             (no amulet)
HPRegen  0.09/turn              (no ring)
MPRegen  0.09/turn              (no ring)

@: no status effects
A: negative energy resistance 1, electricity resistance, unbreathing,
petrification resistance, miasma immunity, AC +3
a: no special abilities


You were on level 2 of the Dungeon.
You visited 1 branch of the dungeon, and saw 2 of its levels.

You collected 44 gold pieces.

Inventory:

Hand Weapons
 e - a +0 mace (weapon)
Armour
 l - a +0 robe of willpower (worn)
Scrolls
 c - a scroll of identify {unknown}
 d - a scroll of remove curse {unknown}
 f - a scroll of amnesia {unknown}
 g - a scroll of immolation {unknown}
 h - a scroll of fog {unknown}
 j - a scroll of blinking {unknown}
Potions
 a - a potion of haste {unknown}
 b - a potion of lignification {unknown}
 i - a potion of resistance {unknown}
 k - a potion of brilliance {unknown}


   Skills:
 + Level 2.4 Fighting
 + Level 2.3 Maces & Flails
 + Level 1.5 Armour
 - Level 1.1 Stealth
 - Level 1.0 Spellcasting
 - Level 1.7 Hexes
 - Level 1.5 Necromancy
 - Level 2.0 Fire Magic
 - Level 1.0 Air Magic
 - Level 1.0 Evocations


You had 5 spell levels left.
You didn't know any spells.
Your spell library contained the following spells:

 Spells                   Type           Power        Failure   Level
 Foxfire                  Conj/Fire      12%          16%         1
 Sandblast                Erth           0%           24%         1
 Summon Small Mammal      Summ           0%           24%         1
 Inner Flame              Hex/Fire       6%           34%         3
 Conjure Flame            Conj/Fire      3%           43%         3
 Summon Guardian Golem    Hex/Summ       3%           45%         3
 Stone Arrow              Conj/Erth      0%           58%         3
 Sticky Flame             Conj/Fire      3%           85%         4
 Fireball                 Conj/Fire      1%           99%         5


Dungeon Overview and Level Annotations

Branches:
Dungeon (2/15)

Altars:


Innate Abilities, Weirdness & Mutations

You are resistant to torment.
Your stone body is resilient. (AC +3)
You are immune to poison.
You resist negative energy. (rN+)
You are resistant to electric shocks. (rElec)
You can survive without breathing.
You are immune to petrification.
You are immune to miasma.


Message History

You miss the orc wizard.
The orc wizard is lightly wounded.
The orc wizard hits you but does no damage.
The orc priest calls down the wrath of Beogh upon you.
Beogh smites you!
You hit the orc wizard but do no damage.
The orc wizard is lightly wounded.
The orc closely misses you.
The orc wizard hits you but does no damage.
You hit the orc wizard but do no damage.
The orc wizard is lightly wounded.
The orc wizard hits you but does no damage.
The orc misses you.
The orc priest calls down the wrath of Beogh upon you.
Beogh smites you!
* * * LOW HITPOINT WARNING * * *
The orc closely misses you.
The orc priest calls down the wrath of Beogh upon you.
Beogh smites you!
You die...

........#+##### #.
.............†##########.
.............+........(.
#.........####.#####.
#.........'.......##.
#..?......#####.#.##.
#.........# #.#...†
#.........# #..###.
#..(@.....# ##+# #.
#..ooo....# #.
####...#### #. #o..# #.
#...# #. #...# #. #...#
#. #.$.#


You could see an orc priest, an orc wizard and 2 orcs.

Vanquished Creatures
  Jessica (D:2)
  2 adders (D:2)
  A dart slug (D:1)
  A leopard gecko (D:1)
  2 giant cockroaches (D:1)
  5 hobgoblins (D:1)
  2 bats
  4 frilled lizards (D:1)
  6 goblins (D:1)
  5 kobolds (D:1)
  A rat (D:1)
30 creatures vanquished.

Notes
Turn   | Place    | Note
-------+----------+-------------------------------------------
     0 | D:1      | Froggeryz the Gargoyle Wanderer began the quest for the
                  | Orb.
     0 | D:1      | Froggeryz set off with the following items: a +0 club, a +0
                  | robe; and the following spells available to memorise:
                  | Foxfire, Sandblast, Summon Small Mammal, Inner Flame,
                  | Conjure Flame, Summon Guardian Golem, Stone Arrow, Sticky
                  | Flame, Fireball
     0 | D:1      | Reached XP level 1. HP: 10/10 MP: 2/2
   333 | D:1      | Reached skill level 1 in Fighting
   333 | D:1      | Reached skill level 1 in Maces & Flails
   333 | D:1      | Reached XP level 2. HP: 15/16 MP: 3/3
  1052 | D:1      | Reached XP level 3. HP: 19/21 MP: 4/4
  1549 | D:2      | Noticed Jessica
  1556 | D:2      | Killed Jessica
  1557 | D:2      | Reached skill level 1 in Armour
  1557 | D:2      | Reached XP level 4. HP: 18/26 MP: 5/5
  1894 | D:2      | Killed from afar by an orc priest

Illustrated notes

Levels and vault maps discovered:
D:1:      lightli_arrival_windingriver, layout_loops_ring, minivault_23
D:2:      layout_basic, kennysheep_generic_room_14, uniq_jessica

Skill      XL: |  1  2  3 |
---------------+----------+-----
Fighting       | 1 2 |  2.4
Maces & Flails | 1 2 |  2.3
Armour         | 1 |  1.5
Stealth        | |  1.1
Spellcasting   | |  1.0
Hexes          | |  1.7
Necromancy     | |  1.5
Fire Magic     | |  2.0
Air Magic      | |  1.0
Evocations     | |  1.0

Action                   |  1- 3 |  4- 6 || total
-------------------------+-------+-------++-------
Melee: Club              |    26 |       ||    26
       Mace              |    96 |    32 ||   128
Armor: Robe              |    56 |    23 ||    79
Dodge: Dodged            |    86 |    29 ||   115
